 Dungeon Crawl Stone Soup version 0.28.0-53-g5a82cb258f (webtiles) character file.

Game seed: 117561377463638330

440 issech the Chopper (level 6, -2/55 HPs)
             Began as a Minotaur Monk on June 7, 2022.
             Splashed by a jelly's acid (8 damage)
             ... on level 5 of the Dungeon.
             The game lasted 00:16:21 (4977 turns).

issech the Chopper (Minotaur Monk)                  Turns: 4977, Time: 00:16:22

Health: -2/55      AC:  1    Str: 15    XL:     6   Next: 70%
Magic:  5/5        EV: 12    Int:  7    God:
Gold:   152        SH:  0    Dex: 15    Spells: 5/5 levels left

rFire   . . .      SeeInvis +   r - +1 dagger (venom)
rCold   . . .      Faith    .   (no shield)
rNeg    . . .      Spirit   .   m - +2 ring mail {rPois}
rPois   +          Reflect  .   (helmet restricted)
rElec   .          Harm     .   A - +0 cloak
rCorr   .          Rampage  .   (no gloves)
Will    .....                   (no boots)
Stlth   +.........              (no amulet)
HPRegen 0.18/turn               i - ring of see invisible
MPRegen 0.09/turn               (no ring)

@: corroded
A: horns 2, retaliatory headbutt
a: no special abilities


You were on level 5 of the Dungeon.
You visited 1 branch of the dungeon, and saw 5 of its levels.

You collected 152 gold pieces.

Inventory:

Hand Weapons
 a - a +0 hand axe
 q - a +0 antimagic dagger
 r - a +1 dagger of venom (weapon)
 s - a +0 hunting sling
 y - a +0 arbalest
 D - a +1 dagger of protection
 G - a +0 hand crossbow
 H - a +1 short sword of draining
 J - a +0 shortbow
Missiles
 c - 187 stones (quivered)
 g - 14 sling bullets
 n - 14 poisoned darts
 o - 94 bolts
 t - 76 arrows
 x - 2 boomerangs of dispersal
Armour
 b - a +0 robe
 d - a +0 ring mail
 m - a +2 ring mail of poison resistance (worn)
 w - a +0 chain mail
 A - a +0 cloak (worn)
 I - the +4 ring mail of the Candlemaker {Rampage Stlth+}
   (You found it on level 5 of the Dungeon)

   Rampage:   It bestows one free step when moving towards enemies.
   Stlth:     It makes you more stealthy.
Magical Staves
 v - a staff of poison
Jewellery
 i - a ring of see invisible (left hand)
Scrolls
 h - 2 scrolls of teleportation {unknown}
 k - 2 scrolls of identify {unknown}
 l - a scroll of enchant weapon {unknown}
 E - a scroll of holy word {unknown}
 F - a scroll of immolation {unknown}
Potions
 e - a potion of resistance {unknown}
 f - a potion of invisibility {unknown}
 j - 2 potions of flight {unknown}
 p - a potion of might {unknown}
 u - 2 potions of mutation {unknown}
 z - a potion of heal wounds {unknown}
 B - a potion of ambrosia {unknown}
 C - a potion of haste {unknown}


   Skills:
 + Level 4.9 Fighting
 + Level 2.2 Short Blades
 + Level 5.1 Axes
 + Level 4.3 Armour
 + Level 4.7 Dodging
 + Level 2.0 Stealth


You had 5 spell levels left.
You didn't know any spells.
Your spell library contained the following spells:

 Spells                   Type           Power      Damage    Failure   Level
 Animate Skeleton         Necr           0%         N/A       65%         1
 Apportation              Tloc           0%         N/A       65%         1
 Summon Small Mammal      Summ           0%         N/A       65%         1
 Corpse Rot               Necr/Air       0%         N/A       78%         2
 Ensorcelled Hibernation  Hex/Ice        0%         N/A       78%         2
 Passwall                 Tmut/Erth      0%         N/A       78%         2
 Poisonous Vapours        Pois/Air       0%         N/A       78%         2
 Swiftness                Air            0%         N/A       95%         3


Dungeon Overview and Level Annotations

Branches:
Dungeon (5/15)
 Temple: D:4-7

Altars:
Dithmenos
Fedhas
Gozag
Vehumet
Xom
Zin

Shops:
D:2 (

Annotations:
D:4 Eustachio


Innate Abilities, Weirdness & Mutations

You have a pair of horns on your head.
You reflexively headbutt those who attack you in melee.


Message History

A jelly comes into view.
Found a ring mail.
The jelly quivers.
The jelly hits you but does no damage.
You hit the jelly.
Your hands burn!
The jelly is moderately wounded.
You hit the jelly but do no damage.
Your hands burn!
The jelly is moderately wounded.
The jelly hits you.
You are splashed with acid.
You hit the jelly.
Your hands burn!
The jelly is moderately wounded.
The jelly misses you. You furiously retaliate!
You headbutt the jelly. You barely miss the jelly.
Your headbutt misses the jelly.
The jelly is moderately wounded.
The jelly hits you but does no damage.
You hit the jelly. The acid corrodes you!
Your hands burn!
The jelly is severely wounded.
The jelly hits you. The acid corrodes you!
You are splashed with acid.
You barely miss the jelly.
The jelly is severely wounded.
The jelly hits you.
You are splashed with acid!
* * * LOW HITPOINT WARNING * * *
You hit the jelly but do no damage.
Your hands burn!
* * * LOW HITPOINT WARNING * * *
The jelly is severely wounded.
The jelly hits you but does no damage.
You completely miss the jelly. Your headbutt misses the jelly.
The jelly is severely wounded.
The jelly hits you.
* * * LOW HITPOINT WARNING * * *
You are splashed with acid!
* * * LOW HITPOINT WARNING * * *
The hound barks!
You hit the hound.
The hound is lightly wounded.
The hound misses you. You furiously retaliate!
You headbutt the hound. The jelly hits you.
* * * LOW HITPOINT WARNING * * *
You are splashed with acid!
You die...

...###..))...# #.# ...###.###.#.#
..# #..#.# .#.....# #.#.## #.#
#.##.# ......## #.#..# #.# #.##.#
#.###..###..#.## #.# #.##># #.#
##......#...## #.# #.##.###
##########..###..###.## #.##....
.....# ###...###......####.#....#
.....###.......h@J..............#
.........##..###############....#
.....#######<....##### ######
.....# ###.......# .....#
##......# .....# #......# ######
########


You could see a hound and a jelly.

Vanquished Creatures
  A centaur zombie (D:4)
  4 hounds
  Natasha (thrice) (D:2)
  Robin (D:2)
  A gnoll (D:4)
  7 adders
  4 worms
  3 dart slugs
  9 orcs
  7 bats
  8 endoplasms
  4 giant cockroaches
  13 hobgoblins
  3 quokkas
  8 ball pythons
  4 frilled lizards
  18 goblins
  7 kobolds
  5 rats
110 creatures vanquished.

Notes
Turn   | Place    | Note
-------+----------+-------------------------------------------
     0 | D:1      | issech the Minotaur Monk began the quest for the Orb.
     0 | D:1      | Reached XP level 1. HP: 19/19 MP: 0/0
   385 | D:1      | Reached XP level 2. HP: 25/27 MP: 1/1
   567 | D:1      | Reached skill level 4 in Axes
  1008 | D:1      | Reached XP level 3. HP: 31/33 MP: 2/2
  1380 | D:2      | Noticed Natasha
  1388 | D:2      | Killed Natasha
  1389 | D:2      | Reached skill level 1 in Armour
  1455 | D:2      | Found a faded altar of an unknown god.
  1468 | D:2      | Noticed Robin
  1486 | D:2      | Reached XP level 4. HP: 26/40 MP: 3/3
  1495 | D:2      | Killed Robin
  1540 | D:2      | Noticed Natasha
  1553 | D:2      | Killed Natasha
  1724 | D:2      | Found Nasoul's Antique Weapon Shop.
  1883 | D:2      | Noticed Natasha
  1893 | D:2      | Killed Natasha
  1894 | D:2      | Reached XP level 5. HP: 42/47 MP: 4/4
  2418 | D:3      | Reached skill level 5 in Axes
  2430 | D:3      | Found a radiant altar of Vehumet.
  2518 | D:3      | Found a shadowy altar of Dithmenos.
  2534 | D:3      | Found a blossoming altar of Fedhas.
  2799 | D:3      | Found a shimmering altar of Xom.
  3660 | D:4      | Reached skill level 1 in Short Blades
  3660 | D:4      | Reached XP level 6. HP: 47/53 MP: 5/5
  3784 | D:4      | Found an opulent altar of Gozag.
  3784 | D:4      | Found a glowing silver altar of Zin.
  3984 | D:4      | Noticed Eustachio
  4725 | D:5      | Entered Level 5 of the Dungeon
  4747 | D:5      | Identified the +4 ring mail of the Candlemaker {Rampage
                  | Stlth+}
  4977 | D:5      | Splashed by a jelly's acid

Illustrated notes

Levels and vault maps discovered:
D:1:      dpeg_arrival_water_fire, layout_loops_corners, minmay_tromino_v4_a
D:2:      layout_loops_ring, hellmonk_ecumenical_altar_pennies_from_heaven,
          serial_shops, nicolae_diamond_shop, grunt_ministairs_5,
          chequers_serial_rivers_room_a, uniq_natasha, uniq_robin
D:3:      layout_rooms, grunt_temple_overflow_open, general_overflow_altar,
          xom_teletrap_fun, kennysheep_decorative_pillar
D:4:      layout_cave_pods, grunt_temple_overflow_gold_and_silver, st_stairs_4,
          minmay_misc_feat_tower, uniq_eustachio
D:5:      layout_rooms, minmay_temple_entry_arrows

Skill      XL: |  1  2  3  4  5  6 |
---------------+-------------------+-----
Axes           | 4 5 |  5.1
Fighting       | 4 |  4.9
Armour         | 1 2 3 4 |  4.3
Dodging        | 4 |  4.7
Short Blades   | 1 2 |  2.2
Stealth        | 2 |  2.0

Action                   |  1- 3 |  4- 6 || total
-------------------------+-------+-------++-------
Melee: Hand axe          |    75 |    18 ||    93
       Headbutt          |     9 |    40 ||    49
       Dagger            |       |   188 ||   188
       Punch             |       |     1 ||     1
 Stab: Sleeping          |       |     1 ||     1
Armor: Robe              |     2 |       ||     2
       Ring mail         |    41 |    83 ||   124
Dodge: Dodged            |    72 |   122 ||   194
